 Dungeon Crawl Stone Soup version 0.20-a0-33-g996f6e0 (webtiles) character file.

268936 nubinia the Protected (level 20, 0/91 HPs)
             Began as a Tengu Wizard on Nov 1, 2016.
             Was the Champion of Vehumet.
             Killed by divine providence
             ... invoked by a smoke demon
              (16 damage)
             ... on level 5 of the Abyss on Nov 9, 2016.
             The game lasted 08:33:29 (47745 turns).

nubinia the Protected (Tengu Wizard)               Turns: 47745, Time: 08:33:30

Health: 0/91       AC: 23    Str:  8    XL:     20   Next: 16%
Magic:  37/39      EV: 26    Int: 22    God:    Vehumet [******]
Gold:   3919       SH: 12    Dex: 16    Spells: 12 memorised, 5 levels left

rFire  + + +     SeeInvis .     T - +5 rod of ignition (2/12)
rCold  . . .     Gourm    .     R - +2 ring mail {MR+}
rNeg   . . .     Faith    .     y - +2 buckler "Noucen" {Dex+4}
rPois  .         Spirit   .     W - +2 hat of Sovereignty {rElec rF+++ MR+ Dex-3}
rElec  +         Reflect  +     D - +1 cloak {+Inv}
rCorr  .         Harm     .     B - +2 pair of gloves {Dex+3}
MR     +++..     Rnd*Tele +     (boots unavailable)
Stlth  ++........               r - +3 amulet of reflection
                                e - +6 ring of evasion
                                p - +5 ring of protection

@: about to teleport, flying quickly and evasively, very slightly contaminated,
non-regenerating, diseased, hasted, glowing, very quick
A: beak, talons 3, clumsy 2, deterioration 2, dopey 1, frail 2, screaming 2,
slow regeneration 2, teleportitis 2, able to fly 2
a: Stop Flying, Renounce Religion, Evoke Invisibility
}: 2/15 runes: decaying, gossamer


You were on level 5 of the Abyss.
You worshipped Vehumet.
Vehumet was exalted by your worship.
You were not hungry.

You visited 7 branches of the dungeon, and saw 34 of its levels.
You visited the Abyss 2 times.
You also visited: Labyrinth and Ice Cave.

You collected 4710 gold pieces.
You spent 791 gold pieces at shops.

Inventory:

Hand Weapons
 a - a +7 spear of electrocution
 b - the +2 trident of Immorality {pain, rElec rN++ Int+4}
   (You bought it in a shop on level 1 of the Elven Halls)

   In the hands of one skilled in necromantic magic, it inflicts extra damage on
   living creatures.
   It affects your intelligence (+4).
   It insulates you from electricity.
   It greatly protects you from negative energy.
 G - the +8 hand crossbow of Dithmenos's Pride {speed, rPois}
   (You found it on level 3 of the Elven Halls)

   Attacks with this weapon are significantly faster.
   It protects you from poison.
 Z - the +8 hand crossbow "Quyfe" {venom, rC+}
   (You found it on level 3 of the Elven Halls)

   It poisons the ammo it fires.
   It protects you from cold.
Armour
 t - a +3 leather armour of poison resistance
 y - the +2 buckler "Noucen" (worn) {Dex+4}
   (You found it in an ice cave)

   It affects your dexterity (+4).
 B - a +2 pair of gloves of dexterity (worn)
 D - a +1 cloak of invisibility (worn)
 R - a +2 ring mail of magic resistance (worn)
 W - the +2 hat of Sovereignty (worn) {rElec rF+++ MR+ Dex-3}
   (You found it on level 8 of the Dungeon)

   It affects your dexterity (-3).
   It renders you almost immune to fire.
   It insulates you from electricity.
   It affects your resistance to hostile enchantments.
Rods
 T - a +5 rod of ignition (2/12) (in hand)
   (You took it off a deep elf knight on level 3 of the Elven Halls)
Jewellery
 e - a +6 ring of evasion (right hand)
 i - the ring "Kuorr" {Str+7 SInv}
   (You found it on level 2 of the Lair of Beasts)

   [ring of see invisible]

   It affects your strength (+7).
   It lets you see invisible.
 l - the amulet of Vitality {Regen+ HP+15}
   (You took it off a deep elf demonologist on level 3 of the Elven Halls)

   [amulet of regeneration]

   It affects your health (+15).
   It increases your rate of regeneration.
 n - the ring "Ysaghos" {rF+ rN+++ Int+5 Dex-3}
   (You took it off a minotaur in a labyrinth)

   [ring of protection from fire]

   It affects your intelligence (+5).
   It affects your dexterity (-3).
   It protects you from fire.
   It renders you almost immune to negative energy.
 p - a +5 ring of protection (left hand)
 r - a +3 amulet of reflection (around neck)
 A - the ring of Rosuahon {+Fly rC+ Dex+4}
   (You took it off a deep elf demonologist on level 3 of the Elven Halls)

   [ring of flight]

   It affects your dexterity (+4).
   It protects you from cold.
   It lets you fly.
 C - an uncursed ring of protection from cold
 L - an uncursed ring of protection from magic
Wands
 o - a wand of acid (13/15)
 q - a wand of lightning (8/15)
 x - a wand of lightning (8/15)
 I - a wand of hasting (9/9)
 O - a wand of heal wounds (1/9)
 Q - a wand of acid (9/15)
 S - a wand of iceblast (3/15)
 U - a wand of iceblast (2/15)
 V - a wand of disintegration (9/24)
Scrolls
 g - 15 scrolls of remove curse
 j - 3 scrolls of fog
 k - 2 scrolls of teleportation
 s - 2 scrolls of blinking
 w - 11 scrolls of fear
 z - 2 scrolls of magic mapping
 M - 3 scrolls of identify
 X - 5 scrolls of recharging
Potions
 c - 7 potions of invisibility
 h - 4 potions of ambrosia
 v - 11 potions of curing
 E - a potion of haste
 F - 6 potions of resistance
 H - 2 potions of might
 J - 5 potions of brilliance
 N - 3 potions of agility
 P - 4 potions of heal wounds
 Y - a potion of cancellation
Miscellaneous
 f - a disc of storms
 u - a fan of gales (inert)
 K - a phial of floods
Comestibles
 d - 8 bread rations
 m - 2 chunks of flesh


   Skills:
 + Level 8.6 Fighting
   Level 3.2 Maces & Flails
 + Level 12.9 Polearms
 - Level 1.3 Throwing
 + Level 14.9 Armour
 + Level 9.7 Dodging
 + Level 12.3 Stealth
 + Level 11.9 Shields
 - Level 0.2 Unarmed Combat
 + Level 14.2 Spellcasting
 + Level 14.0 Conjurations
 + Level 5.3 Charms
 + Level 8.1 Summonings
 + Level 11.0 Necromancy
 - Level 1.0 Translocations
   Level 1.0 Fire Magic
   Level 0.5 Ice Magic
 + Level 13.2 Air Magic
 - Level 2.6 Poison Magic
 + Level 1.1 Evocations


You had 5 spell levels left.
You knew the following spells:

 Your Spells              Type           Power        Failure   Level  Hunger
a - Magic Dart            Conj           ####         1%          1    None
b - Iskenderun's Mystic   Conj           ######..     1%          4    None
c - Mephitic Cloud        Conj/Pois/Air  ######..     1%          3    None
d - Conjure Ball Lightni  Conj/Air       ######....   1%          6    #####..
e - Blink                 Tloc           N/A          10%         2    None
f - Bolt of Draining      Conj/Necr      ######....   1%          5    ###....
g - Call Canine Familiar  Summ           ######..     1%          3    None
h - Summon Lightning Spi  Summ/Air       ######..     1%          4    None
i - Deflect Missiles      Chrm/Air       ######....   34%         6    #####..
D - Animate Dead          Necr           N/A          1%          4    None
R - Regeneration          Chrm/Necr      ######....   1%          3    None
S - Animate Skeleton      Necr           N/A          1%          1    None


Dungeon Overview and Level Annotations

Branches:
Dungeon (14/15)            Temple (0/1) D:5            Lair (6/6) D:9
  Swamp (4/4) Lair:2       Spider (4/4) Lair:4        Slime (0/5) Lair:6
    Orc (2/2) D:11            Elf (3/3) Orc:2        Vaults (1/5) D:14

Altars:
Gozag
Kikubaaqudgha
Nemelex Xobeh
Okawaru
Ru
Sif Muna
Uskayaw
Vehumet
Xom
Yredelemnul
Jiyva

Shops:
D:13 }   Orc:2 ([:=[   Elf:1 *   Elf:2 ((   Elf:3 *

Annotations:
D:7 exclusion: ice statue
Swamp:3 Mara
Elf:2 3 runed doors


Innate Abilities, Weirdness & Mutations

You have a beak for a mouth.
You have claws for feet.
You can fly continuously.
[You are very clumsy. (Dex -4)]
[Your body often deteriorates upon taking damage.]
[You are dopey. (Int -2)]
[You are very frail. (-20% HP)]
[You sometimes yell uncontrollably at your foes.]
[You do not regenerate when monsters are visible.]
[You are sometimes teleported next to monsters.]


Message History

You feel yourself speed up. The thrashing horror misses you.
The thrashing horror barely misses you. x2
You block the thrashing horror's attack.
You block the ancient zyme's attack. The ancient zyme completely misses you.
The wretched star pulses with an eldritch light!
You feel yourself wasting away.
You feel your body start to fall apart. The thrashing horror misses you.
You block the thrashing horror's attack.
You are very lightly contaminated with residual magic.
A chaos spawn comes into view.
The thrashing horror roars!
The thrashing horror tramples you.
* * * LOW HITPOINT WARNING * * *
You hold your ground!
The thrashing horror tramples you but does no damage.
The ancient zyme barely misses you. The ancient zyme completely misses you.
You block the large abomination's attack.
The smoke demon gestures at you. Something smites you!
You die...

.. #.. #..# ..# ..
..##..##..##..##..##
.....X ......... X.
4.........ยง... ... #
#.. #..##..# ..#
#..##..##XX##..##..##.
......XXx3X.*X... ..
.......@XXXX.u3.......
#..##..##X.##.h##. ##
#.. #Xu##..# #
####X##Ak..### ...
#x.#.. # ##.
.....#.#...## ...#
..##..#.....# # #.. #
#.##....#.h##. #..#
...


You could see a daeva, 2 very ugly things, a death drake, a wretched star, an
ancient zyme, 8 thrashing horrors, 3 large abominations, a sixfirhy, a smoke
demon and a black bear.

Vanquished Creatures
  Jorgrun (Swamp:4)
  Asterion (Elf:3)
  3 deep elf blademasters
  2 deep elf master archers
  A kraken (Abyss:5)
  2 thorn hunters
  Kirke (Elf:1)
  Donald (Elf:3)
  6 deep elf sorcerers (Elf:3)
  4 ghost moths
  A frost giant (IceCv)
  Louise (Elf:3)
  4 emperor scorpions
  6 deep elf elementalists (Elf:3)
  An ironheart preserver (Vaults:1)
  2 very ugly things
  2 entropy weavers
  7 deep elf demonologists
  A spark wasp (Spider:4)
  9 deep elf annihilators
  5 deep elf death magi
  A minotaur (Lab)
  4 deep elf high priests (Elf:3)
  2 great orbs of eyes
  2 vault guards (D:14)
  18 hydras
  The ghost of Zorot the Grappler, a novice TrMo of Cheibriados (D:10)
  A ghost crab (Swamp:2)
  A catoblepas (D:14)
  A merfolk avatar (Lair:6)
  3 centaur warriors
  The ghost of Slowdrip the Grappler, a novice TrGl of Okawaru (Lair:1)
  21 dancing weapons
  2 alligators (Swamp:3)
  2 ogre magi
  A deep troll shaman (Vaults:1)
  4 death yaks
  A deep troll earth mage (Vaults:1)
  A vampire mage (Abyss:5)
  12 deep elf knights
  2 orc high priests
  5 spriggans
  4 swamp dragons
  An unseen horror (Abyss:5)
  4 deep trolls
  2 spriggan druids
  A hill giant (shapeshifter) (Elf:1)
  10 hill giants
  A lindwurm (Lair:5)
  2 ironbrand convokers (Vaults:1)
  8 deep elf archers
  3 orc knights
  13 orb spiders
  An orc sorcerer (Orc:2)
  2 wizards
  11 slime creatures
  5 ugly things
  25 wolf spiders
  41 deep elf magi
  A manticore (Lair:6)
  7 cyclopes
  8 elephants
  A vault sentinel (Vaults:1)
  A torpor snail (Spider:1)
  5 gargoyles
  8 spiny frogs
  2 freezing wraiths (Abyss:5)
  8 komodo dragons
  3 yaktaurs (Vaults:1)
  13 demonic crawlers
  An ancient zyme (Abyss:5)
  12 polar bears
  32 jumping spiders
  A polar bear (shapeshifter) (Vaults:1)
  7 trolls
  4 two-headed ogres (Orc:2)
  6 raiju (Abyss:5)
  4 tyrant leeches
  10 blink frogs
  5 bog bodies
  5 hornets
  Prince Ribbit (D:6)
  12 hippogriffs
  34 redbacks
  A hill giant zombie (D:11)
  3 shadows
  29 yaks
  4 air elementals
  17 tarantellas
  7 wyverns
  A vampire (D:12)
  2 fire elementals
  Sigmund (D:4)
  A water elemental (Elf:1)
  A yak (shapeshifter) (Abyss:5)
  5 hungry ghosts
  6 basilisks
  2 hogs (Elf:1)
  2 large abominations (Abyss:2)
  Edmund (D:5)
  15 vampire mosquitoes
  5 wargs
  11 swamp worms
  2 mottled dragons
  20 insubstantial wisps
  11 water moccasins
  Duvessa (D:7)
  An ice beast (D:6)
  8 porcupines
  4 phantoms
  A hornet zombie (D:8)
  14 orc warriors
  4 sky beasts
  2 black bears
  3 small abominations
  5 swamp drakes
  19 ogres
  An eye of draining (Abyss:5)
  27 wolves
  15 centaurs
  7 crocodiles
  23 bullfrogs
  A gnoll sergeant (D:5)
  Dowan (D:7)
  7 earth elementals
  2 wyvern zombies
  A glowing shapeshifter simulacrum (Vaults:1)
  2 scorpions
  A troll zombie (D:11)
  A water moccasin skeleton (D:5)
  12 killer bees
  2 wights (D:10)
  8 howler monkeys
  2 electric eels
  6 crimson imps
  5 centaur zombies
  A quasit (D:9)
  3 bullfrog skeletons
  A bullfrog zombie (D:5)
  10 hounds
  3 centaur skeletons
  5 jellies
  10 orc priests
  A gnoll shaman (D:7)
  8 iguanas
  19 orc wizards
  A hell rat (D:10)
  Natasha (thrice) (D:2)
  2 killer bee zombies
  13 worker ants
  6 ogre zombies (D:11)
  2 hound skeletons (D:10)
  A worker ant zombie (D:10)
  A howler monkey skeleton (D:5)
  17 gnolls
  19 adders
  A shadow imp (D:13)
  2 adder zombies
  2 worms
  3 dart slugs (D:1)
  4 leopard geckos
  55 orcs
  2 giant cockroaches
  2 gnoll zombies (D:8)
  12 goblins
  6 hobgoblins
  15 jackals
  3 kobolds
  3 quokkas
  A ball python (D:2)
  7 bats
  3 frilled lizards
  4 goblin zombies (D:11)
  A hobgoblin skeleton (D:11)
  2 hobgoblin zombies (D:11)
  A leopard gecko zombie (D:7)
  3 orc skeletons (D:11)
  12 orc zombies (D:11)
  A quokka skeleton (D:4)
  A quokka zombie (D:7)
  4 rats
  A plant (Lair:6)
1082 creatures vanquished.

Vanquished Creatures (collateral kills)
  the Lernaean hydra (Swamp:4)
  A thorn hunter (Swamp:2)
  An emperor scorpion (Spider:4)
  Aizul (Swamp:2)
  A deep elf sorcerer (Elf:3)
  A deep elf elementalist (Elf:2)
  An entropy weaver (Spider:3)
  A stone giant (Orc:1)
  2 deep elf demonologists (Elf:3)
  A deep elf annihilator (Elf:3)
  An ettin (Orc:1)
  A spark wasp (Spider:4)
  A deep elf high priest (Elf:3)
  A yaktaur captain (Vaults:1)
  A vault guard (D:14)
  A rakshasa (Vaults:1)
  10 hydras
  A death knight (D:10)
  An ogre mage (Orc:2)
  A death yak (Lair:6)
  An alligator (Swamp:3)
  4 deep elf knights
  Nergalle (Orc:1)
  A hill giant (D:12)
  6 swamp dragons (Swamp:4)
  A deep elf archer (Elf:1)
  A shambling mangrove (Swamp:3)
  8 deep elf magi
  9 orb spiders
  8 wolf spiders
  An orc sorcerer (Elf:2)
  3 ugly things (Vaults:1)
  A manticore (D:13)
  6 elephants
  A moth of wrath (Spider:4)
  A black mamba (shapeshifter) (Spider:1)
  9 spiny frogs
  5 komodo dragons
  5 demonic crawlers
  2 freezing wraiths
  A small abomination (Elf:3)
  A yaktaur (D:14)
  4 rime drakes (Lair:6)
  A tengu conjurer (D:14)
  A tyrant leech (shapeshifter) (IceCv)
  6 polar bears
  2 wind drakes (Lair:6)
  6 trolls
  17 jumping spiders
  5 tyrant leeches
  9 slime creatures
  10 hornets
  4 two-headed ogres
  2 bog bodies
  4 hippogriffs
  3 blink frogs
  12 tarantellas
  4 spriggans
  27 redbacks
  2 water elementals
  13 yaks
  A fire elemental (Elf:3)
  A wraith (D:13)
  2 wyverns
  9 vampire mosquitoes
  A basilisk (Lair:5)
  7 swamp worms
  A warg (Elf:3)
  5 insubstantial wisps
  2 water moccasins (Lair:6)
  5 orc warriors
  10 swamp drakes
  2 ice beasts
  2 centaurs (Vaults:1)
  A wolf (Lair:6)
  7 ogres (Orc:2)
  2 crocodiles
  An earth elemental (Elf:2)
  A scorpion (D:12)
  7 wights
  5 killer bees
  A crimson imp (D:12)
  An orc wizard (D:10)
  An orc priest (D:14)
  2 worker ants
  2 gnolls (D:7)
  2 adders (D:10)
  8 orcs
  A goblin zombie (D:11)
  A hobgoblin zombie (D:11)
  An orc zombie (D:11)
  A briar patch (Swamp:2)
  A plant (Lair:6)
332 creatures vanquished.

Vanquished Creatures (others)
  A centaur warrior (D:14)
  A deep elf archer (Elf:3)
  8 ball lightnings (Elf:3)
  An orb spider (Spider:3)
  2 deep elf magi (Elf:3)
  A demonic crawler (Spider:2)
  A jumping spider (Spider:4)
  A polar bear (IceCv)
  3 redbacks
  A water elemental (Elf:1)
  A human (Elf:1)
  An orc warrior (D:14)
  3 wolves (IceCv)
  An orc wizard (Orc:1)
  A leopard gecko (D:8)
  An orc (D:11)
  A giant cockroach (D:2)
  2 briar patches (Swamp:2)
  A bush (Lair:6)
  2 fire vortices (Swamp:1)
  12 fungi
  A lurking horror (Abyss:5)
  14 plants
  4 starspawn tentacles (Abyss:5)
  4 tentacles (Abyss:5)
69 creatures vanquished.

Grand Total: 1483 creatures vanquished

Notes
Turn   | Place    | Note
-------+----------+-------------------------------------------
     0 | D:1      | nubinia the Tengu Wizard began the quest for the Orb.
     0 | D:1      | Reached XP level 1. HP: 10/10 MP: 5/5
   349 | D:1      | Reached XP level 2. HP: 15/15 MP: 2/7
   400 | D:1      | Learned a level 2 spell: Repel Missiles
   404 | D:1      | Learned a level 2 spell: Blink
  1407 | D:1      | Reached XP level 3. HP: 19/19 MP: 9/9
  1436 | D:1      | Learned a level 3 spell: Mephitic Cloud
  1935 | D:2      | Found a sacrificial altar of Ru.
  1946 | D:2      | Reached skill level 1 in Air Magic
  1946 | D:2      | Reached XP level 4. HP: 24/24 MP: 8/10
  2177 | D:2      | Noticed Natasha
  2186 | D:2      | Killed Natasha
  2186 | D:2      | Reached skill level 1 in Maces & Flails
  2297 | D:2      | Noticed Natasha
  2315 | D:2      | Killed Natasha
  2315 | D:2      | Gained mutation: You can fly. [Tengu growth]
  2315 | D:2      | Reached XP level 5. HP: 28/28 MP: 12/12
  2353 | D:2      | Found a radiant altar of Vehumet.
  2363 | D:2      | Became a worshipper of Vehumet
  2396 | D:2      | Learned a level 3 spell: Conjure Flame
  2416 | D:2      | Noticed Natasha
  2426 | D:2      | Killed Natasha
  3208 | D:3      | Found an opulent altar of Gozag.
  3588 | D:4      | Found an iron altar of Okawaru.
  3769 | D:4      | Reached XP level 6. HP: 26/33 MP: 13/13
  3777 | D:4      | Reached skill level 1 in Fighting
  4114 | D:4      | Noticed Sigmund
  4126 | D:4      | Killed Sigmund
  4126 | D:4      | Reached * piety under Vehumet
  4126 | D:4      | Offered knowledge of Freeze by Vehumet.
  4204 | D:4      | Reached XP level 7. HP: 38/38 MP: 15/15
  4309 | D:4      | Gained mutation: Your mind is acute. (Int +2) [potion of mutation]
  4309 | D:4      | Gained mutation: Scrolls take you a little longer to read. [potion of mutation]
  4309 | D:4      | Gained mutation: Your natural rate of healing is unusually fast. [potion of mutation]
  4407 | D:5      | Entered Level 5 of the Dungeon
  4490 | D:5      | Reached skill level 1 in Polearms
  4550 | D:5      | Noticed Edmund
  4605 | D:5      | Killed Edmund
  4605 | D:5      | Reached skill level 1 in Shields
  4605 | D:5      | Reached XP level 8. HP: 41/44 MP: 4/16
  4977 | D:5      | Reached skill level 5 in Air Magic
  5005 | D:5      | Reached ** piety under Vehumet
  5005 | D:5      | Offered knowledge of Flame Tongue by Vehumet.
  5100 | D:5      | Reached skill level 5 in Spellcasting
  5118 | D:4      | Reached skill level 5 in Conjurations
  5118 | D:4      | Reached skill level 1 in Poison Magic
  5182 | D:5      | Found a staircase to the Ecumenical Temple.
  5258 | D:6      | Upgraded the game from 0.20-a0-9-g62d82d9 to 0.20-a0-11-ga97c7b5
  5398 | D:6      | Found a deep blue altar of Sif Muna.
  5427 | D:6      | Found a hide-covered altar of Uskayaw.
  5435 | D:6      | Learned a level 1 spell: Flame Tongue
  5502 | D:6      | Noticed Prince Ribbit
  5544 | D:6      | Killed Prince Ribbit
  5544 | D:6      | Reached XP level 9. HP: 49/49 MP: 17/18
  5749 | D:6      | Reached skill level 5 in Polearms
  5926 | D:6      | Found an ancient bone altar of Kikubaaqudgha.
  5984 | D:7      | Noticed Duvessa
  5986 | D:7      | Noticed Dowan
  6072 | D:8      | Found a basalt altar of Yredelemnul.
  6102 | D:8      | Offered knowledge of Throw Flame by Vehumet.
  6114 | D:8      | Got a distressingly furry hat
  6136 | D:8      | Identified the +2 hat of Sovereignty {rElec rF+++ MR+ Dex-3} (You found it on level 8 of the Dungeon)
  6197 | D:7      | Noticed a troll
  6213 | D:7      | Killed Duvessa
  6217 | D:7      | Killed Dowan
  6487 | D:7      | Reached *** piety under Vehumet
  6500 | D:7      | Killed a troll
  6562 | D:7      | Noticed a troll
  6586 | D:7      | Killed a troll
  6611 | D:7      | Reached XP level 10. HP: 56/56 MP: 12/20
  6722 | D:7      | Noticed a cyclops
  6725 | D:7      | Noticed a death drake
  6725 | D:7      | a komodo dragon changed into a death drake
  6753 | D:7      | Noticed an orc knight
  6916 | D:7      | Killed a cyclops
  7045 | D:6      | Offered knowledge of Inner Flame by Vehumet.
  7310 | D:6      | Reached skill level 1 in Translocations
  7930 | D:7      | Reached skill level 5 in Dodging
  7997 | D:7      | Noticed an ice statue
  8660 | D:8      | Reached **** piety under Vehumet
  8848 | D:8      | Offered knowledge of Throw Icicle by Vehumet.
  8854 | D:8      | Learned a level 4 spell: Throw Icicle
  8859 | D:8      | Found a sparkling altar of Nemelex Xobeh.
  9185 | D:9      | Found a shimmering altar of Xom.
  9187 | D:9      | Found a staircase to the Lair.
  9230 | D:9      | Found an opulent altar of Gozag.
  9337 | D:9      | Reached skill level 5 in Stealth
  9375 | D:9      | Reached skill level 1 in Armour
  9547 | D:9      | Reached XP level 11. HP: 60/60 MP: 16/22
 10042 | Lair:1   | Entered Level 1 of the Lair of Beasts
 10256 | Lair:1   | Reached ***** piety under Vehumet
 10260 | Lair:1   | Reached skill level 1 in Throwing
 10260 | Lair:1   | Reached skill level 10 in Air Magic
 10326 | Lair:1   | Offered knowledge of Bolt of Draining by Vehumet.
 10345 | Lair:1   | Learned a level 5 spell: Bolt of Draining
 10429 | Lair:1   | Reached skill level 1 in Necromancy
 10575 | Lair:1   | Noticed a seven-headed hydra
 10578 | Lair:1   | Killed a seven-headed hydra
 10702 | Lair:1   | Learned a level 3 spell: Dazzling Spray
 10702 | Lair:1   | Noticed Slowdrip's ghost (novice TrGl)
 10765 | Lair:1   | Killed Slowdrip's ghost
 11334 | Lair:2   | Found a staircase to the Swamp.
 11425 | Lair:2   | Noticed a five-headed hydra
 11472 | Lair:2   | Killed a five-headed hydra
 11757 | Lair:2   | Reached skill level 1 in Fire Magic
 12018 | Lair:2   | Got a warped bone ring
 12074 | Lair:2   | Identified the ring "Kuorr" {Str+7 SInv} (You found it on level 2 of the Lair of Beasts)
 12226 | Lair:3   | Reached XP level 12. HP: 67/67 MP: 18/24
 12301 | Lair:3   | Noticed a six-headed hydra
 13077 | Lair:3   | Killed a six-headed hydra
 13115 | Lair:3   | Noticed a five-headed hydra
 13161 | Lair:3   | Killed a five-headed hydra
 13577 | Lair:3   | Reached skill level 5 in Fighting
 13673 | Lair:4   | Noticed a four-headed hydra
 13679 | Lair:4   | Killed a four-headed hydra
 13679 | Lair:4   | Reached skill level 5 in Necromancy
 13859 | Lair:4   | Learned a level 4 spell: Summon Lightning Spire
 13952 | Lair:4   | Found a hole to the Spider Nest.
 13983 | Lair:4   | Noticed a four-headed hydra
 13986 | Lair:4   | Killed a four-headed hydra
 13986 | Lair:4   | Reached skill level 10 in Conjurations
 14045 | Lair:4   | Learned a level 1 spell: Animate Skeleton
 15064 | Lair:5   | Reached XP level 13. HP: 71/72 MP: 18/26
 15506 | Lair:6   | Entered Level 6 of the Lair of Beasts
 15837 | Lair:6   | Got an ancient shield
 15848 | Lair:6   | Identified the +5 shield of the Evening Star {Str+3} (You found it on level 6 of the Lair of Beasts)
 16072 | Lair:6   | Found a viscous altar of Jiyva.
 16073 | Lair:6   | Found a staircase to the Slime Pits.
 16132 | Lair:6   | Identified a scroll of acquirement
 16266 | Lair:6   | Reached skill level 5 in Shields
 16486 | Lair:6   | Upgraded the game from 0.20-a0-11-ga97c7b5 to 0.20-a0-16-g0876c8e
 16556 | Lair:6   | Offered knowledge of Freezing Cloud by Vehumet.
 17427 | Lair:6   | Got a scorched flail
 17428 | Lair:6   | Identified the +4 flail of Upheaval {pain, MR+} (You found it on level 6 of the Lair of Beasts)
 17600 | D:10     | Entered Level 10 of the Dungeon
 18296 | Lair:1   | Lost mutation: Your mind is acute. (Int +2) [potion of cure mutation]
 18296 | Lair:1   | Lost mutation: Your natural rate of healing is unusually fast. [potion of cure mutation]
 18296 | Lair:1   | Lost mutation: Scrolls take you a little longer to read. [potion of cure mutation]
 18469 | Lair:5   | Gained mutation: You tend to lose your temper in combat. [potion of mutation]
 18469 | Lair:5   | Gained mutation: [You are dopey. (Int -2)] [potion of mutation]
 18469 | Lair:5   | Lost mutation: You tend to lose your temper in combat. [potion of mutation]
 18672 | D:10     | Noticed Zorot's ghost (novice TrMo)
 18675 | D:10     | Gained mutation: You can fly continuously. [Tengu growth]
 18675 | D:10     | Reached XP level 14. HP: 78/78 MP: 27/28
 18683 | D:10     | Killed Zorot's ghost
 18951 | D:11     | Gained mutation: You have a pair of small horns on your head. [mutagenic meat]
 18952 | D:11     | Gained mutation: Scrolls take you a little longer to read. [mutagenic meat]
 18952 | D:11     | Lost mutation: You have a pair of small horns on your head. [potion of cure mutation]
 18952 | D:11     | Lost mutation: Scrolls take you a little longer to read. [potion of cure mutation]
 18952 | D:11     | Lost mutation: [You are dopey. (Int -2)] [potion of cure mutation]
 19193 | D:11     | Found a staircase to the Orcish Mines.
 19452 | D:10     | Reached skill level 10 in Polearms
 19643 | Orc:1    | Entered Level 1 of the Orcish Mines
 19976 | Orc:1    | Noticed Nergalle
 19983 | Orc:1    | Noticed a stone giant
 19983 | Orc:1    | Found a frozen archway.
 19991 | IceCv    | Entered an ice cave
 20043 | IceCv    | Got a brightly glowing buckler
 20044 | IceCv    | Identified the +2 buckler "Noucen" {Dex+4} (You found it in an ice cave)
 20244 | IceCv    | Reached skill level 1 in Evocations
 20445 | IceCv    | Noticed a frost giant
 20455 | IceCv    | Killed a frost giant
 20717 | IceCv    | Learned a level 4 spell: Iskenderun's Mystic Blast
 20877 | Orc:1    | Killed a stone giant
 20885 | Orc:1    | Killed Nergalle
 21032 | Orc:2    | Entered Level 2 of the Orcish Mines
 21187 | Orc:2    | Found Moig's Armour Shop.
 21284 | Orc:2    | Found a staircase to the Elven Halls.
 21351 | Orc:2    | Found Ipha's Jewellery Emporium.
 21368 | Orc:2    | Reached ****** piety under Vehumet
 21391 | Orc:2    | Reached skill level 10 in Shields
 21396 | Orc:2    | Offered knowledge of Poisonous Cloud by Vehumet.
 21415 | Orc:2    | Reached skill level 10 in Spellcasting
 21435 | Orc:2    | Found Toreid's Book Shoppe.
 21459 | Orc:2    | Found Ziffurud's Antique Armour Boutique.
 21470 | Orc:2    | Found Jaihosacs's Antique Weapon Emporium.
 21828 | Orc:2    | Bought a bloodstained robe for 114 gold pieces
 21828 | Orc:2    | Bought a runed leather armour for 160 gold pieces
 21838 | Orc:2    | Identified the +2 robe "Veffal" {rElec MR+ Int+6 Slay-5 SInv} (You bought it in a shop on level 2 of the Orcish Mines)
 22367 | Swamp:1  | Entered Level 1 of the Swamp
 22367 | Swamp:1  | Noticed a thorn hunter
 22394 | Swamp:1  | Killed a thorn hunter
 22394 | Swamp:1  | Reached XP level 15. HP: 51/84 MP: 30/30
 23401 | Swamp:2  | Offered knowledge of Lee's Rapid Deconstruction by Vehumet.
 23603 | Swamp:2  | Noticed a thorn hunter
 23622 | Swamp:2  | Killed a thorn hunter
 23623 | Swamp:2  | Noticed a thorn hunter
 23863 | Swamp:2  | Killed a thorn hunter
 24343 | Swamp:3  | Noticed Aizul
 24488 | Swamp:2  | Killed Aizul
 24580 | Swamp:3  | Noticed Mara
 24581 | Swamp:3  | Noticed nubinia's illusion
 24722 | Spider:1 | Entered Level 1 of the Spider Nest
 25311 | Spider:1 | Reached skill level 5 in Armour
 25815 | Spider:1 | Offered knowledge of Delayed Fireball by Vehumet.
 26036 | Spider:2 | Noticed an emperor scorpion
 26051 | Spider:2 | Noticed an emperor scorpion
 26430 | Spider:2 | Killed an emperor scorpion
 26551 | Spider:2 | Killed an emperor scorpion
 27073 | Spider:1 | Reached XP level 16. HP: 79/92 MP: 25/32
 27079 | Spider:1 | Reached skill level 10 in Stealth
 29009 | Spider:3 | Offered knowledge of Conjure Ball Lightning by Vehumet.
 29200 | Spider:3 | Reached skill level 5 in Summonings
 29732 | Lair:6   | Learned a level 4 spell: Animate Dead
 29736 | Lair:6   | Learned a level 3 spell: Regeneration
 29805 | Spider:3 | Learned a level 6 spell: Conjure Ball Lightning
 30436 | Swamp:3  | Upgraded the game from 0.20-a0-16-g0876c8e to 0.20-a0-29-g41cc41e
 30617 | Swamp:4  | Entered Level 4 of the Swamp
 31277 | Swamp:4  | Upgraded the game from 0.20-a0-29-g41cc41e to 0.20-a0-32-gb8e7c72
 31357 | Swamp:4  | Noticed Jorgrun
 31361 | Swamp:4  | Killed Jorgrun
 31379 | Swamp:4  | Reached XP level 17. HP: 93/96 MP: 9/34
 31412 | Swamp:4  | Noticed the 27-headed Lernaean hydra
 31499 | Swamp:4  | Killed the 27-headed Lernaean hydra
 31515 | Swamp:4  | Offered knowledge of Bolt of Fire by Vehumet.
 31530 | Swamp:4  | Got a decaying rune of Zot
 32192 | Lair:2   | Learned a level 3 spell: Call Canine Familiar
 32984 | Swamp:4  | Offered knowledge of Shatter by Vehumet.
 32984 | Swamp:4  | Offered knowledge of Chain Lightning by Vehumet.
 32984 | Swamp:4  | Offered knowledge of Tornado by Vehumet.
 33242 | D:12     | You are sucked into a shaft for 2 floors!
 33337 | D:13     | Found a labyrinth entrance.
 33351 | Lab      | Entered a labyrinth
 33542 | Lab      | Got a vibrating copper ring
 33543 | Lab      | Identified the ring "Ysaghos" {rF+ rN+++ Int+5 Dex-3} (You took it off a minotaur in a labyrinth)
 33561 | Lab      | Identified the Catalogue of Cankerous Evil Rites
 33563 | Lab      | Got an encrusted scale mail
 33574 | Lab      | Identified the +1 scale mail "Xeso" {-Cast *Slow rElec MR+++ Str+3} (You found it in a labyrinth)
 33825 | D:13     | You are sucked into a shaft!
 34459 | D:14     | Found a gate to the Vaults.
 34742 | D:13     | Found Osyhar's Gadget Emporium.
 35317 | Lair:1   | Learned a level 2 spell: Blink
 35599 | Elf:1    | Entered Level 1 of the Elven Halls
 36107 | Elf:1    | Found Ytsiud's Assorted Antiques.
 36114 | Elf:1    | Bought a smoking trident for 187 gold pieces
 36114 | Elf:1    | Identified the cursed +2 trident of Immorality {pain, rElec rN++ Int+4} (You bought it in a shop on level 1 of the Elven Halls)
 36129 | Elf:1    | Bought a hardcover manual for 330 gold pieces
 36774 | Elf:1    | Noticed Kirke
 36790 | Elf:1    | Killed Kirke
 37159 | Elf:1    | Reached XP level 18. HP: 103/103 MP: 20/35
 37302 | Elf:2    | Reached skill level 10 in Armour
 37312 | Elf:2    | Found Senifo's Antique Weapon Boutique.
 37403 | Elf:2    | Noticed a Hell Sentinel
 37608 | Elf:2    | Found a runed gate.
 37608 | Elf:2    | Found a runed gate.
 37609 | Elf:2    | Found a runed gate.
 38214 | Elf:2    | Found Wochex's Antique Weapon Shoppe.
 38428 | Elf:3    | Entered Level 3 of the Elven Halls
 38560 | Elf:3    | Cast into level 2 of the Abyss (a deep elf demonologist)
 38724 | Elf:3    | Escaped the Abyss
 38888 | Elf:3    | Found Daonenaj's Assorted Antiques.
 39567 | Lair:1   | Learned a level 6 spell: Deflect Missiles
 39789 | Elf:3    | Noticed Donald
 39789 | Elf:3    | Reached skill level 1 in Charms
 39799 | Elf:3    | Killed Donald
 40283 | Elf:3    | Noticed a deep elf master archer
 40300 | Elf:3    | Killed a deep elf master archer
 40482 | Elf:3    | Got a sheer robe
 40494 | Elf:3    | Identified the cursed +1 robe of the Blessed Realm {rPois} (You took it off a deep elf master archer on level 3 of the Elven Halls)
 40550 | Elf:3    | Noticed a deep elf master archer
 40551 | Elf:3    | Reached skill level 5 in Charms
 40571 | Elf:3    | Noticed a deep elf blademaster
 40601 | Elf:2    | Killed a deep elf master archer
 40776 | Elf:2    | Killed a deep elf blademaster
 41091 | Elf:3    | Noticed a deep elf blademaster
 41204 | Elf:3    | Noticed a deep elf blademaster
 41213 | Elf:3    | Killed a deep elf blademaster
 41458 | Elf:3    | Reached XP level 19. HP: 107/107 MP: 18/36
 41558 | Elf:3    | Identified a +5 rod of ignition (12/12) (You took it off a deep elf knight on level 3 of the Elven Halls)
 41629 | Elf:3    | Noticed Asterion
 41635 | Elf:3    | Killed Asterion
 41635 | Elf:3    | Reached skill level 10 in Necromancy
 41640 | Elf:3    | Noticed a Tzitzimitl
 42100 | Elf:3    | Identified the Catalogue of Torrid Clay
 42162 | Elf:3    | Noticed Louise
 42364 | Elf:3    | Got a smoking iron ring
 42365 | Elf:3    | Identified the ring of Rosuahon {+Fly rC+ Dex+4} (You took it off a deep elf demonologist on level 3 of the Elven Halls)
 42684 | Elf:3    | Identified the Almanac of Summoning and the Frostbite
 42689 | Elf:3    | Got a transparent hand crossbow
 42690 | Elf:3    | Identified the +8 hand crossbow of Dithmenos's Pride {speed, rPois} (You found it on level 3 of the Elven Halls)
 42735 | Elf:3    | Killed Louise
 42846 | Elf:3    | Identified the Incunabulum of the Birds and the Mountains
 42852 | Elf:3    | Got an ancient hand crossbow
 42853 | Elf:3    | Identified the +8 hand crossbow "Quyfe" {venom, rC+} (You found it on level 3 of the Elven Halls)
 43269 | Spider:4 | Entered Level 4 of the Spider Nest
 44090 | Spider:4 | Got a gossamer rune of Zot
 45687 | Vaults:1 | Entered Level 1 of the Vaults
 46032 | Vaults:1 | Gained mutation: You have a pair of small horns on your head. [potion of mutation]
 46032 | Vaults:1 | Gained mutation: [Your body sometimes deteriorates upon taking damage.] [potion of mutation]
 46032 | Vaults:1 | Gained mutation: You possess an exceptional clarity of mind. [potion of mutation]
 46049 | Vaults:1 | Reached XP level 20. HP: 114/114 MP: 15/39
 46352 | Elf:2    | Lost mutation: You possess an exceptional clarity of mind. [potion of cure mutation]
 46352 | Elf:2    | Lost mutation: You have a pair of small horns on your head. [potion of cure mutation]
 46352 | Elf:2    | Lost mutation: [Your body sometimes deteriorates upon taking damage.] [potion of cure mutation]
 46832 | Vaults:1 | Gained mutation: [You regenerate slowly when monsters are visible.] [mutagenic meat]
 46833 | Vaults:1 | Lost mutation: [You regenerate slowly when monsters are visible.] [mutagenic meat]
 46836 | Vaults:1 | Cast into level 2 of the Abyss (ogre mage)
 47120 | Abyss:5  | Entered Level 5 of the Abyss
 47120 | Abyss:5  | Found a corrupted altar of Lugonu.
 47151 | Abyss:5  | Found a corrupted altar of Lugonu.
 47296 | Abyss:5  | Noticed a profane servitor
 47327 | Abyss:5  | Found a corrupted altar of Lugonu.
 47432 | Abyss:5  | Found a corrupted altar of Lugonu.
 47717 | Abyss:5  | HP: 3/91 [white very ugly thing (21)]
 47739 | Abyss:5  | Upgraded the game from 0.20-a0-32-gb8e7c72 to 0.20-a0-33-g996f6e0
 47745 | Abyss:5  | Killed from afar by a smoke demon

Vault maps used:
D:1:      minmay_arrival_nine_rooms
D:2:      fiery_altar_vehumet, nicolae_ru_great_annihilating_truth, uniq_natasha
D:3:      nicolae_gozag_cash_rules_everything_around_me
D:4:      okawaru_metal_pillars_3, uniq_sigmund
D:5:      first_bread, uniq_edmund
D:6:      nicolae_overflow_crystal_walls, lemuel_round_altar, led_sif_pool,
          uniq_prince_ribbit1
D:7:      lemuel_ice_statue, grunt_ogre_cave, st_stairs_8, minmay_the_grid_2x2,
          uniq_duvessa
D:8:      lemuel_zombie_altar_yredelemnul, lemuel_round_altar
D:9:      xom_butterflies, old_standard_altar, lair_0_dummy
D:10:     minmay_klotski, minmay_misc_feat_hallway
D:11:     zombieorc2_lemuel, serial_glass, glass_columns_a, glass_columns_a
D:12:     serial_glass, glass_columns_a, glass_columns_b
D:13:     lab_entry_generic, serial_shops, shop_statue
D:14:     grunt_vaults_entry_fortified, minmay_misc_feat_diagonals,
          serial_park_tiny_pond, hangedman_cracks_in_the_wall
Lair:1:   small_statue_intersection, lemuel_fruit_tree
Lair:2:   swamp_mist_pool, bh_autumn_forest_stairs
Lair:4:   spider_nest_entry_web_field, serial_bayou_pond_b
Lair:5:   serial_bayou_shore_a
Lair:6:   gammafunk_lair_ancient_temple, slime_altar_1
Swamp:1:  nicolae_swamp_little_tower
Swamp:2:  hangedman_swamp_lotus, swamp_pool5
Swamp:3:  evilmike_swamp_ruin_house_2, infiniplex_staircase_pool, uniq_mara,
          uniq_aizul
Swamp:4:  swamp, infiniplex_staircase_pool_2, uniq_jorgrun
Spider:2: nicolae_crawler_farm
Spider:4: grunt_spider_rune_parallel
Orc:1:    portal_ice_cave_entry_pillars_2, uniq_nergalle
Orc:2:    st_orc_open, serial_shops, shop, nicolae_orc_bridge_out
Elf:1:    serial_shops, shop, minivault_28, uniq_kirke
Elf:2:    serial_shops, shop, nicolae_shop_overgrown_old_shop
Elf:3:    nooodl_elf_gasket, serial_shops, shop, uniq_louise, uniq_donald,
          uniq_asterion
Vaults:1: nicolae_vaults_border_crossing, nicolae_vaults_circle_grid_a,
          nicolae_vaults_an_arrangement, nicolae_vaults_bisected_slash,
          hangedman_vaults_capsules, nicolae_vaults_asterisk, v_alt_pattern_5,
          vaults_mumra_hex
Abyss:2:  minivault_22
Abyss:3:  nicolae_abyss_rune_star_stuff
Abyss:4:  evilmike_abyss_rune_tso_outpost, guppyfry_abyss_exit_imp_island
Abyss:5:  evilmike_abyss_exit_mutagenic, hangedman_abyss_or_decor_lesser_grid,
          evilmike_nicolae_abyss_rune_betentacled_crabyss, evilmike_abyss_exit_6
Lab:      labyrinth_watery, nicolae_lab_x, labyrinth_fake_exit,
          nicolae_lab_checkerboard, nicolae_lab_blocks, lab_statue,
          nicolae_lab_grate, nicolae_lab_arrow, nicolae_lab_grate_2
IceCv:    ice_cave_caverns_03

Skill      XL: |  1  2  3  4  5  6  7  8  9 10 11 12 13 14 15 16 17 18 19 20 |
---------------+-------------------------------------------------------------+-----
Air Magic      | 1 2 3 4 5 7 9 10 11 12 13 | 13.2
Spellcasting   | 4 5 6 7 8 9 10 11 12 14 | 14.2
Maces & Flails | 1 2 3 |  3.2
Conjurations   | 2 3 4 5 6 7 8 10 11 12 13 14 | 14.0
Fighting       | 1 2 3 4 5 6 7 8 |  8.6
Polearms       | 2 4 6 8 9 10 11 12 | 12.9
Dodging        | 3 4 5 6 7 8 9 |  9.7
Shields        | 1 2 9 10 11 | 11.9
Poison Magic   | 1 2 |  2.6
Stealth        | 3 4 5 7 9 10 11 12 | 12.3
Translocations | 1 |  1.0
Armour         | 1 3 4 5 9 14 | 14.9
Throwing       | 1 |  1.3
Necromancy     | 4 5 7 8 9 10 11 | 11.0
Fire Magic     | 1 |  1.0
Summonings     | 2 3 4 5 7 8 |  8.1
Evocations     | 1 |  1.1
Charms         | 5 |  5.3
Unarmed Combat | |  0.2
Ice Magic      | |  0.5

Action                   |  1- 3 |  4- 6 |  7- 9 | 10-12 | 13-15 | 16-18 | 19-21 || total
-------------------------+-------+-------+-------+-------+-------+-------+-------++-------
Melee: Unarmed           |     4 |       |       |       |       |       |       ||     4
       Peck              |     4 |     7 |    27 |    65 |   297 |   265 |   131 ||   796
       Kick              |     2 |    11 |    34 |    95 |   478 |   391 |   173 ||  1184
       Club              |    17 |       |       |       |       |       |       ||    17
       Flail             |     1 |    54 |       |       |       |       |       ||    55
       Scythe            |       |       |   284 |   536 |       |       |       ||   820
       Spear             |       |       |       |   194 |  1780 |  1145 |   433 ||  3552
       Demon trident     |       |       |       |       |       |   130 |       ||   130
       Trident           |       |       |       |       |       |   265 |   233 ||   498
       Headbutt          |       |       |       |       |       |       |     4 ||     4
 Fire: Blowgun           |       |       |       |    20 |       |       |       ||    20
 Cast: Magic Dart        |    76 |    85 |   197 |   257 |    95 |    49 |    15 ||   774
       Repel Missiles    |     1 |       |     2 |     1 |     1 |     2 |       ||     7
       Mephitic Cloud    |       |     4 |    36 |    88 |    94 |    94 |    23 ||   339
       Conjure Flame     |       |       |     8 |    18 |     5 |       |       ||    31
       Blink             |       |       |     1 |    11 |       |     2 |       ||    14
       Throw Icicle      |       |       |       |    16 |       |       |       ||    16
       Dazzling Spray    |       |       |       |    18 |     2 |       |       ||    20
       Bolt of Draining  |       |       |       |    38 |    81 |   131 |    99 ||   349
       Animate Skeleton  |       |       |       |     6 |   119 |    23 |     9 ||   157
       Summon Lightning  |       |       |       |     4 |    72 |    70 |    26 ||   172
       Iskenderun's Myst |       |       |       |       |    62 |   146 |    17 ||   225
       Animate Dead      |       |       |       |       |       |    68 |    51 ||   119
       Regeneration      |       |       |       |       |       |    13 |     9 ||    22
       Call Canine Famil |       |       |       |       |       |     3 |       ||     3
       Conjure Ball Ligh |       |       |       |       |       |     1 |     3 ||     4
       Deflect Missiles  |       |       |       |       |       |     1 |     3 ||     4
 Abil: Fly               |       |    15 |    22 |    72 |    19 |     1 |       ||   129
       Stop Flying       |       |       |       |       |       |     1 |       ||     1
Evoke: Wand              |       |       |       |     8 |     6 |     1 |     5 ||    20
       Disc of storms    |       |       |       |     4 |     2 |     1 |       ||     7
       Rod               |       |       |       |       |       |       |     4 ||     4
       Fan of gales      |       |       |       |       |       |       |     1 ||     1
  Use: Scroll            |       |     6 |     6 |    16 |    21 |    18 |    18 ||    85
       Potion            |       |       |     2 |     3 |     9 |     3 |     6 ||    23
 Stab: Confused          |       |     1 |    14 |    42 |    80 |    39 |    11 ||   187
       Sleeping          |       |       |     2 |    11 |    12 |    28 |     2 ||    55
       Distracted        |       |       |       |       |    20 |    28 |    21 ||    69
       Petrifying        |       |       |       |       |    13 |     6 |       ||    19
       Petrified         |       |       |       |       |    13 |     5 |       ||    18
       Paralysed         |       |       |       |       |    12 |     8 |       ||    20
  Eat: Chunk             |     3 |     9 |    13 |    39 |    81 |    42 |    15 ||   202
       Bread ration      |       |       |       |     2 |       |     3 |     2 ||     7
       Meat ration       |       |       |       |       |       |     1 |     1 ||     2
       Pizza             |       |       |       |       |       |       |     2 ||     2
       Beef jerky        |       |       |       |       |       |       |     1 ||     1
Armor: Robe              |     7 |    10 |    20 |       |       |       |       ||    37
       Troll leather arm |       |       |       |    58 |    53 |       |       ||   111
       Leather armour    |       |       |       |     9 |    11 |    53 |       ||    73
       Skin              |       |       |       |     1 |       |       |       ||     1
       Swamp dragon scal |       |       |       |       |    73 |   107 |       ||   180
       Ring mail         |       |       |       |       |       |       |   118 ||   118
Dodge: Dodged            |    16 |    50 |   283 |   591 |   755 |   587 |   351 ||  2633
       Deflected         |     1 |       |     3 |     2 |    14 |    22 |    24 ||    66
Block: Other             |       |     7 |    50 |    63 |       |       |       ||   120
       Reflection        |       |       |     1 |       |    15 |    39 |    18 ||    73
       Buckler           |       |       |       |    30 |   299 |   422 |   291 ||  1042
       Shield            |       |       |       |       |   424 |       |       ||   424
